 Dungeon Crawl Stone Soup version 0.27-a0-1228-gfd60fd639a (webtiles) character file.

Game seed: 6456959076316945541

95 dickylongcocking the Stinger (level 4, -2/39 HPs)
             Began as a Naga Venom Mage on June 7, 2021.
             Slain by a gnoll
             ... wielding a +4 halberd
              (10 damage)
             ... on level 2 of the Dungeon.
             The game lasted 00:02:23 (2573 turns).

dickylongcocking the Stinger (Naga Venom Mage)      Turns: 2573, Time: 00:02:23

Health: -2/39      AC:  4    Str:  7 (10) XL:     4   Next: 65%
Magic:  4/7        EV:  7    Int: 14 (15) God:
Gold:   78         SH:  0    Dex: 11 (13) Spells: 6/7 levels left

rFire    . . .     SeeInvis +   b - +3 dagger (protect)
rCold    . . .     Faith    .   (no shield)
rNeg     . . .     Spirit   .   i - +1 ring mail {Will+}
rPois    +         Reflect  .   (no helmet)
rElec    .         Harm     .   (no cloak)
rCorr    .         Rampage  .   (no gloves)
Will     +....                  (no barding)
Stlth    ++........             (no amulet)
HPRegen  0.13/turn              (no ring)
MPRegen  0.10/turn              (no ring)

@: short of breath, very slightly contaminated, very slow
A: AC +1, large, see invisible, deformed body, poison resistance, slowness 2,
spit poison 1, naga tail 1
a: Spit Poison


You were on level 2 of the Dungeon.
You visited 1 branch of the dungeon, and saw 2 of its levels.

You collected 78 gold pieces.

Inventory:

Hand Weapons
 b - a +3 dagger of protection (weapon)
Armour
 a - a +0 robe
 i - a +1 ring mail of willpower (worn)
Jewellery
 h - a ring of protection from fire
Scrolls
 d - a scroll of amnesia {unknown}
 g - 2 scrolls of identify {unknown}


   Skills:
 + Level 1.7 Fighting
 * Level 0.9 Short Blades
 - Level 1.5 Dodging
 + Level 3.3 Stealth
 - Level 2.0 Spellcasting
 - Level 1.0 Transmutations
 * Level 6.0 Poison Magic


You had 6 spell levels left.
You knew the following spells:

 Your Spells              Type           Power      Damage    Failure   Level
a - Sting                 Tmut/Pois      44%        1d5       21%         1

Your spell library contained the following spells:

 Spells                   Type           Power      Damage    Failure   Level
 Poisonous Vapours        Pois/Air       18%        N/A       36%         2
 Beastly Appendage        Tmut           8%         N/A       50%         1
 Spider Form              Tmut/Pois      5%         N/A       52%         3
 Olgreb's Toxic Radiance  Pois           18%        N/A       56%         4
 Wereblood                Tmut           4%         N/A       63%         2
 Ignite Poison            Fire/Tmut/Pois 7%         N/A       67%         3
 Mephitic Cloud           Conj/Pois/Air  7%         N/A       73%         3
 Ice Form                 Ice/Tmut       2%         N/A       100%        4
 Hydra Form               Tmut           2%         N/A       100%        5


Dungeon Overview and Level Annotations

Branches:
Dungeon (2/15)

Altars:
Fedhas


Innate Abilities, Weirdness & Mutations

Your serpentine skin is tough. (AC +1)
You have supernaturally acute eyesight. (SInv)
Armour fits poorly on your strangely shaped body.
Your system is resistant to poisons. (rPois)
You cover ground very slowly.
You can spit poison.
You have a snake-like lower body.


Message History

Aiming: Sting (safe; 14% risk of failure)
Press: ? - help, Shift-Dir - straight line, f/p - gnoll
Aim: a gnoll, wielding a +0 club (almost dead, 75% to hit)
The sting hits the gnoll.
The gnoll is poisoned.
You kill the gnoll!
The gnoll hits you from afar with a +4 halberd.
The gnoll hits you with a +0 whip.
Your Poison Magic skill increases to level 6!
Unknown command.
Casting: Sting (safe; 14% risk of failure)
Confirm with . or Enter, or press ? or * to list all spells.
Aiming: Sting (safe; 14% risk of failure)
Press: ? - help, Shift-Dir - straight line, f - gnoll
Aim: a gnoll, wielding a +0 whip (75% to hit)
Okay, then.
Press: ? - help, Shift-Dir - straight line, f - gnoll
Aim: a gnoll, wielding a +0 whip The splash of poison hits the gnoll.
The gnoll is poisoned.
The gnoll is lightly wounded.
The gnoll hits you from afar with a +4 halberd!
The gnoll hits you with a +0 whip.
Unknown command.
Unknown command.
Unknown command.
It was a potion of curing.
You feel better.
The gnoll hits you from afar with a +4 halberd!
The gnoll barely misses you.
It was a potion of degeneration.
There was something very wrong with that liquid.
You feel weakened.
You feel dopey.
You feel clumsy.
The gnoll hits you from afar with a +4 halberd.
* * * LOW HITPOINT WARNING * * *
The gnoll hits you with a +0 whip.
* * * LOW HITPOINT WARNING * * *
Unknown command.
As you read the scroll labelled BOSUTI ZOPP, it crumbles to dust.
It is a scroll of enchant weapon.
Your +2 dagger of protection glows red for a moment.
The gnoll hits you from afar with a +4 halberd!
You die...

#.##. # ..>. #... #. # #
.... #..## ...# ##.####
..... #...##............
.....##.)........##.###.
.................##< ##
.................##.####
......)..........##.....
.....gg@................
##...............# ##.<.
#..._......†.....#####..
#...........).#####.....
#......$......#.....##..
#............(..####..†.
#..(....................
#.....................#.
#####........#########.


You could see 2 gnolls.

Vanquished Creatures
  2 adders (D:2)
  A gnoll (D:2)
  A dart slug (D:1)
  5 ball pythons (D:1)
  5 endoplasms
  A giant cockroach (D:1)
  5 goblins
  3 hobgoblins
  13 jackals
  2 quokkas (D:1)
  7 bats
  5 frilled lizards
  3 kobolds (D:1)
  3 rats
56 creatures vanquished.

Notes
Turn   | Place    | Note
-------+----------+-------------------------------------------
     0 | D:1      | dickylongcocking the Naga Venom Mage began the quest for
                  | the Orb.
     0 | D:1      | Reached XP level 1. HP: 15/15 MP: 3/3
   376 | D:1      | Reached XP level 2. HP: 14/24 MP: 0/5
  1036 | D:1      | Reached skill level 1 in Fighting
  1043 | D:1      | Reached skill level 5 in Poison Magic
  1067 | D:1      | Reached XP level 3. HP: 26/31 MP: 6/6
  1117 | D:1      | Found a faded altar of an unknown god.
  1939 | D:2      | Reached XP level 4. HP: 8/39 MP: 5/7
  2552 | D:2      | Found a blossoming altar of Fedhas.
  2570 | D:2      | Reached skill level 6 in Poison Magic
  2573 | D:2      | Slain by a gnoll

Illustrated notes

Levels and vault maps discovered:
D:1:      erik_arrival_orb_chamber, layout_loops_corners,
          hellmonk_ecumenical_altar_dog_temple
D:2:      layout_rooms, basic_altar

Skill      XL: |  1  2  3  4 |
---------------+-------------+-----
Fighting       | 1 |  1.7
Poison Magic   | 5 6 |  6.0
Short Blades   | |  0.9
Dodging        | |  1.5
Stealth        | |  3.3
Spellcasting   | |  2.0
Transmutations | |  1.0

Action                   |  1- 3 |  4- 6 || total
-------------------------+-------+-------++-------
Melee: Dagger            |   135 |    37 ||   172
 Cast: Sting             |    12 |     4 ||    16
 Abil: Spit Poison       |     5 |     6 ||    11
  Use: Potion            |     2 |     3 ||     5
       Scroll            |       |     1 ||     1
 Stab: Sleeping          |     5 |       ||     5
Armor: Robe              |    64 |       ||    64
       Ring mail         |    22 |    32 ||    54
       Skin              |     3 |       ||     3
Dodge: Dodged            |   107 |    25 ||   132

Table legend: (Time is in decaauts)
 A = Elapsed time spent in this place.
 B = Non-inter-level travel time spent in this place.
 C = Inter-level travel time spent in this place.
 D = Time resting spent in this place.
 E = Time spent auto-exploring this place.
 F = Levels seen in this place.
 G = Mean time per level.
                   A        B        C        D        E       F      G
               +--------+--------+--------+--------+--------+-----+--------+
         Total |   2977 |   2941 |     36 |    278 |   2174 |   2 | 1488.5 |
       Dungeon |   2977 |   2941 |     36 |    278 |   2174 |   2 | 1488.5 |
               +--------+--------+--------+--------+--------+-----+--------+

Top non-repeatable levels by time:
     D:1: 2247 daAuts
     D:2: 729 daAuts
